 Dungeon Crawl Stone Soup version 0.17-a0-1123-g6d3914c (console) character file.

165 Monkaria the Skirmisher (level 5, -1/48 HPs)
             Began as a Demonspawn Chaos Knight on May 24, 2015.
             Killed by divine providence
             ... invoked by an orc priest
              (13 damage)
             ... on level 3 of the Dungeon.
             The game lasted 00:03:25 (2647 turns).

Monkaria the Skirmisher (Demonspawn Chaos Knight)   Turns: 2647, Time: 00:03:25

Health: -1/48      AC: 11    Str: 13    XL:     5   Next: 22%
Magic:  0/5        EV: 11    Int: 13    God:    Xom [..*...]
Gold:   141        SH:  0    Dex: 16    Spells: 0 memorised, 4 levels left

rFire  + + .     SeeInvis .     a - +0 falchion (chaos)
rCold  . . .     Clarity  .     b - +2 leather armour
rNeg   . . .     SustAt   .     (no shield)
rPois  .         Gourm    .     (no helmet)
rElec  .         Spirit   +     x - +0 cloak
rCorr  .         Warding  .     (no gloves)
rMut   .         Stasis   .     (no boots)
MR     .....                    (no amulet)
Stlth  +.........               o - +3 ring of protection
                                u - +3 ring of dexterity

@: not resistant to hostile enchantments, very unstealthy
A: slimy green scales 1, fire resistance 2, high mp 1, robust 1, magic shield,
rot immunity
a: Renounce Religion


You were on level 3 of the Dungeon.
You worshipped Xom.
You were a toy of Xom.
You were not hungry.

You visited 1 branch of the dungeon, and saw 3 of its levels.

You collected 141 gold pieces.

Inventory:

Hand weapons
 a - a +0 falchion of chaos (weapon)
Missiles
 s - 26 poisoned needles
 t - 4 curare-tipped needles
Armour
 b - a +2 leather armour (worn)
 x - a +0 cloak (worn)
Jewellery
 o - a +3 ring of protection (right hand)
 u - a +3 ring of dexterity (left hand)
 w - an uncursed ring of fire
Scrolls
 e - 4 scrolls of remove curse {unknown}
 i - a scroll of recharging {unknown}
 m - a scroll of fear {unknown}
 n - 2 scrolls of teleportation {unknown}
 q - a scroll of fog {unknown}
 v - a scroll of identify {unknown}
Potions
 d - a potion of curing {unknown}
 g - 2 potions of flight {unknown}
 h - 2 potions of heal wounds {unknown}
 j - a potion of magic {unknown}
 k - a potion of degeneration {unknown}
 l - 3 potions of lignification {unknown}
 p - a potion of haste {unknown}
 A - a potion of invisibility {unknown}
Comestibles
 c - 2 bread rations
 f - 4 fruits
 r - a beef jerky
 z - a chunk of flesh


   Skills:
 - Level 5.0 Fighting
 + Level 4.0 Long Blades
 - Level 1.7 Armour
 - Level 0.8 Dodging


You had 4 spell levels left.
You didn't know any spells.

Dungeon Overview and Level Annotations

Branches:
Dungeon (3/15)

Altars:
Gozag
Nemelex Xobeh


Innate Abilities, Weirdness & Mutations

You are partially covered in slimy green scales (AC +2).
When hurt, damage is shared between your health and your magic reserves.
You are immune to rotting.
Your flesh is very heat resistant.
You have an increased reservoir of magic (+10% MP).
You are robust (+10% HP).


Message History

You are too injured to fight recklessly!
You are too injured to fight recklessly!
You are too injured to fight recklessly!
You are too injured to fight recklessly!
You are too injured to fight recklessly!
You are too injured to fight recklessly!
You are too injured to fight recklessly!
You are too injured to fight recklessly!
You are too injured to fight recklessly!
You are too injured to fight recklessly!
You are too injured to fight recklessly!
You are too injured to fight recklessly!
You are too injured to fight recklessly!
You are too injured to fight recklessly!
Unknown command.
You hit the orc priest.
The orc priest is heavily wounded.
The orc priest mumbles some strange prayers to Beogh against you.
Something smites you!
You die...

#.........#. #.#
##...8...##. #.#
##.....##.. #.#
####'###... #########.#
#..........
#...$.....#######.......
#.#.............#.......
....[oo.................
#o{@....###.#.......
#.#.........#....... #
#.....###.#.......
#.........#.#.####..
.........#........#..
#####.............###
####.............
.......†#.##....
........#.##....


You could see an orc priest and 2 orcs.

Vanquished Creatures
  A centaur (D:3)
  3 adders (D:2)
  A shadow imp (D:3)
  An ooze (D:1)
  A worm (D:2)
  2 giant geckos (D:1)
  9 bats
  3 giant cockroaches
  3 goblins
  8 hobgoblins
  7 kobolds
  A quokka (D:2)
  3 giant newts
  6 rats
49 creatures vanquished.

Notes
Turn   | Place    | Note
--------------------------------------------------------------
     0 | D:1      | Monkaria the Demonspawn Chaos Knight began the quest for the Orb.
     0 | D:1      | Reached XP level 1. HP: 18/18 MP: 1/1
   120 | D:1      | XOM: divination: detect creatures
   168 | D:1      | Gained mutation: When hurt, damage is shared between your health and your magic reserves. [demonic ancestry]
   168 | D:1      | Reached XP level 2. HP: 22/24 MP: 2/2
   683 | D:1      | Reached skill level 4 in Fighting
   846 | D:1      | Gained mutation: You are immune to rotting. [demonic ancestry]
   846 | D:1      | Reached XP level 3. HP: 25/30 MP: 3/3
   926 | D:2      | XOM: silly message
   971 | D:2      | XOM: divination: detect creatures
  1213 | D:2      | XOM: potion effect (berserk rage)
  1510 | D:2      | XOM: vitrification
  1599 | D:2      | XOM: god gift: 4 curare-tipped needles
  1878 | D:2      | Reached XP level 4. HP: 38/38 MP: 4/4
  1955 | D:3      | Reached skill level 5 in Fighting
  2002 | D:3      | XOM: god gift: sapphire ring {god gift}
  2109 | D:3      | Noticed a centaur
  2131 | D:3      | Killed a centaur
  2131 | D:3      | Gained mutation: You are partially covered in slimy green scales (AC +2). [demonic ancestry]
  2131 | D:3      | Reached XP level 5. HP: 2/44 MP: 1/5
  2556 | D:3      | XOM: polymorph adder -> rat
  2624 | D:3      | Found a sparkling altar of Nemelex Xobeh.
  2625 | D:3      | Found an opulent altar of Gozag.
  2631 | D:3      | XOM: give mutations
  2631 | D:3      | Gained mutation: Your flesh is heat resistant. [Xom's grace]
  2631 | D:3      | Gained mutation: You are robust (+10% HP). [Xom's grace]
  2631 | D:3      | Gained mutation: Your flesh is very heat resistant. [Xom's grace]
  2631 | D:3      | Gained mutation: You have an increased reservoir of magic (+10% MP). [Xom's grace]
  2647 | D:3      | Killed from afar by an orc priest

Vault maps used:
D:1:      noname_arrival_rooms_in_the_neighbourhood
D:3:      grunt_temple_overflow_opulence, gammafunk_temple_overflow_statue,
          serial_bayou_crossing

Action                   |  1- 3 |  4- 6 || total
-------------------------+-------+-------++-------
Melee: Falchion          |   135 |    41 ||   176
 Stab: Sleeping          |     1 |       ||     1
  Eat: Chunk             |     3 |     3 ||     6
